 Dungeon Crawl Stone Soup version 0.31.0-11-ge490571c62 (webtiles) character file.

Game seed: 2765098665593456044

14 qw the Shooter (level 2, 0/14 HPs)
             Began as a Spriggan Hunter on Feb 3, 2024.
             Succumbed to their own poison gas
             ... on level 1 of the Dungeon.
             The game lasted 00:00:01 (656 turns).

qw the Shooter (Spriggan Hunter)                     Turns: 656, Time: 00:00:01

Health: 0/14       AC:  2    Str:  7    XL:     2   Next: 31%
Magic:  3/3        EV: 19    Int: 10    God:
Gold:   64         SH:  0    Dex: 18    Spells: 1/1 levels left

rFire   . . .        a - +0 shortbow
rCold   . . .        (shield currently unavailable)
rNeg    . . .        c - +0 robe
rPois   .            (helmet restricted)
rElec   .            (no cloak)
rCorr   .            (gloves unavailable)
SInv    +            (boots unavailable)
Will    .....        (no amulet)
Stlth   ++           (no ring)
HPRegen 0.22/turn    (no ring)
MPRegen 0.08/turn

%: no passive effects
@: lethally poisoned (0 -> -6), very quick
A: very small, no large weapons, unfitting armour, see invisible, speed 3
a: no special abilities


You were on level 1 of the Dungeon.
You visited 1 branch of the dungeon, and saw 1 of its levels.

You collected 64 gold pieces.


Innate Abilities, Weirdness & Mutations

You are very small and have problems with some larger weapons.
You are too small for most types of armour.
You have supernaturally acute eyesight. (SInv)
You cover ground extremely quickly. (Speed+++)


   Skills:
 - Level 1.5 Fighting
 + Level 4.0 Ranged Weapons
 - Level 4.0 Dodging
 - Level 1.5 Stealth


You had one spell level left.
You didn't know any spells.
Your spell library was empty.

Inventory:

Hand Weapons
 a - a +0 shortbow (weapon)
Armour
 c - a +0 robe (worn)
Potions
 d - a potion of berserk rage {unknown}
 f - a potion of ambrosia {unknown}

Dungeon Overview and Level Annotations

Branches:
Dungeon (1/15)

Altars:


Message History

You see here a +0 whip.
Found a beast talisman.
You see here a beast talisman.
Done exploring.
Done exploring.
648 ||| READING scroll labelled CEFRAO QOTAO.
The air fills with toxic fumes!
As you read the scroll labelled CEFRAO QOTAO, it crumbles to dust.
It was a scroll of poison.
Done exploring.
649 ||| READING scroll labelled QEHONT BAQULL.
As you read the scroll labelled QEHONT BAQULL, it crumbles to dust.
It is a scroll of enchant armour.
649 ||| ENCHANTING +0 shortbow.
Done exploring.
650 ||| READING scroll labelled WUURAO JESHRAMO.
As you read the scroll labelled WUURAO JESHRAMO, it crumbles to dust.
You feel momentarily disoriented.
It was a scroll of revelation.
Done exploring.
651 ||| DROPPING scroll of butterflies.
You drop a scroll of butterflies.
Done exploring.
What level of the Dungeon? (default 1, ? - help) Sorry, I don't know how to get there.
Enter note:
Enter note:
Enter note:
Enter note:
Enter note:
Enter note: You are engulfed in poison gas.
You are poisoned.
You feel sick.
653 ||| Stepping ~*~*~tactically~*~*~ (cloud).
You feel sick.
You see here a scroll of butterflies.
There is a lethal amount of poison in your body!
You feel sick.
There is a lethal amount of poison in your body!
You feel sick.
There is a lethal amount of poison in your body!
You die...

###.### #......>..
#.....############........#
#.....####¤¤^..........##.#
#.....####¤#########...##.#
#.....####¤####### ######.#
#.....####0####### #.#
##..######¤####### #.#
#.#######¤####### #.#
#)#######@####### #.#
#.#######¤####### #.#
#.#######¤####### #.#
#.#######0####### #.#
#.#######0¤...|## #.#
#.############.## #.#
#.############.## #####.#
#.############.## ##...#).
#.# #.####....).#


There were no monsters in sight!

Vanquished Creatures
  3 ball pythons (D:1)
  A bat (D:1)
  A giant cockroach (D:1)
  5 goblins (D:1)
  A kobold (D:1)
  A rat (D:1)
12 creatures vanquished.

Notes
Turn   | Place    | Note
-------+----------+-------------------------------------------
     0 | D:1      | qw the Spriggan Hunter began the quest for the Orb.
     0 | D:1      | Reached XP level 1. HP: 10/10 MP: 2/2
     0 | D:1      | 0 ||| qw: Version: 0.3-a-157-g843a77d
     0 | D:1      | 0 ||| qw: Game counter: 3974
     0 | D:1      | 0 ||| qw: Melee chars always use a shield: true
     0 | D:1      | 0 ||| qw: God list: Okawaru
     0 | D:1      | 0 ||| qw: Allow faded altars: false
     0 | D:1      | 0 ||| qw: Do Orc after clearing Dungeon:15 true
     0 | D:1      | 0 ||| qw: Do second Lair branch before Depths: true
     0 | D:1      | 0 ||| qw: Lair rune preference: random
     0 | D:1      | 0 ||| qw: Goals: Normal
     0 | D:1      | 0 ||| PLANNING D:1-11
    90 | D:1      | Reached skill level 3 in Dodging
   240 | D:1      | Reached XP level 2. HP: 14/14 MP: 3/3
   648 | D:1      | 648 ||| READING scroll labelled CEFRAO QOTAO.
   649 | D:1      | 649 ||| READING scroll labelled QEHONT BAQULL.
   649 | D:1      | 649 ||| ENCHANTING +0 shortbow.
   650 | D:1      | 650 ||| READING scroll labelled WUURAO JESHRAMO.
   651 | D:1      | 651 ||| DROPPING scroll of butterflies.
   653 | D:1      | 653 ||| Stepping ~*~*~tactically~*~*~ (cloud).
   655 | D:1      | HP: 2/14 [poisoned by you (poison gas)]
   656 | D:1      | Succumbed to their own poison gas

Levels and vault maps discovered:
D:1:      saegor_arrival_simple_d, layout_loops_ring

Skill      XL: |  1  2 |
---------------+-------+-----
Dodging        | 3 4 |  4.0
Fighting       | |  1.5
Ranged Weapons | |  4.0
Stealth        | |  1.5

Action                     || total
---------------------------++-------
   Fire: Shortbow          ||    24
    Use: Scroll            ||     3

Table legend:
 A = Non-vault XP
 B = Vault XP
 C = Vault XP percentage of total XP
 D = Non-vault monster count
 E = Vault monster count
 F = Vault count percentage of total count
                 A         B        C        D         E       F
            +---------+---------+-------+---------+---------+-------
      Total |      21 |       0 |   0.0 |      12 |       0 |   0.0
            +---------+---------+-------+---------+---------+-------
        D:1 |      21 |       0 |   0.0 |      12 |       0 |   0.0
            +---------+---------+-------+---------+---------+-------
